Sewer Rats vs Knights
Created - December 1, 2018 at 20:46
Goals
|
| Sewer Rats |
1 |
1 |
2 |
0 |
3 |
4 |
| Knights |
1 |
2 |
1 |
0 |
4 |
5 |
|
Shots
|
| Sewer Rats |
5 |
11 |
16 |
3 |
9 |
35 |
| Knights |
13 |
11 |
9 |
1 |
9 |
34 |
|
1st period
1. Knights , Josh Morrissey 1 (Noel Acciari 17, Pavel Buchnevich 16) at 5:21
2. Sewer Rats , Mark Mancari 15 (Ville Leino 24, Kyle Turris 2) at 19:06 (PP)
Penalties :
Erik Condra (Tol) for Hooking (Minor) at 14:06, Collin Miller (Lon) for Boarding (Minor) at 18:49, Matt Lashoff (Tol) for Hooking (Minor) at 19:32
2nd period
3. Sewer Rats , Ville Leino 18 (Kyle Turris 3, Connor Carrick 1) at 6:08
4. Knights , Michael Raffl 12 (Tomas Kundratek 9, Noel Acciari 18) at 6:20
5. Knights , Michael Raffl 13 (Noel Acciari 19, Jared Spurgeon 12) at 6:36
Penalties :
Scott Wilson (Lon) for Interference (Minor) at 11:34
3rd period
6. Sewer Rats , Kyle Turris 3 (Steven Kampfer 11, Anthony Duclair 2) at 1:19
7. Sewer Rats , Daniel Carr 8 (Joel Edmundson 7, Jarred Tinordi 7) at 4:04
8. Knights , Michael Raffl 14 (Jaccob Slavin 13, Jared Spurgeon 13) at 10:31 (PP)
Penalties :
Matt Lashoff (Tol) for Tripping (Minor) at 10:19, Kyle Turris (Tol) for Tripping (Minor) at 10:39
Overtime #1
No Goal
Penalties :
No Penalty
Shootout
Penalty Shot by Ville Leino for Sewer Rats - Goal!
Penalty Shot by Michael Raffl for Knights - Goal!
Penalty Shot by Kyle Turris for Sewer Rats - Goal!
Penalty Shot by Noel Acciari for Knights - Goal!
Penalty Shot by Mark Mancari for Sewer Rats - Stopped by Ben Scrivens
Penalty Shot by Pavel Buchnevich for Knights - Stopped by Antoine Bibeau
Penalty Shot by Erik Condra for Sewer Rats - Stopped by Ben Scrivens
Penalty Shot by Tom Wilson for Knights - Shot Misses the Net
Penalty Shot by Jonathan Marchessault for Sewer Rats - Goal!
Penalty Shot by Linden Vey for Knights - Goal!
Penalty Shot by Anthony Duclair for Sewer Rats - Stopped by Ben Scrivens
Penalty Shot by Miro Aaltonen for Knights - Shot Misses the Net
Penalty Shot by Dmitrij Jaskin for Sewer Rats - Stopped by Ben Scrivens
Penalty Shot by Jared Spurgeon for Knights - Stopped by Antoine Bibeau
Penalty Shot by William Karlsson for Sewer Rats - Shot Misses the Net
Penalty Shot by Josh Bailey for Knights - Shot Misses the Net
Penalty Shot by Matt Lashoff for Sewer Rats - Shot Misses the Net
Penalty Shot by Scott Wilson for Knights - Goal!
Penalties :
No Penalty
Goalie Stats
Antoine Bibeau (Tol), 30 saves from 34 shots - (0.882), OTL, 0-0-1, 65:00 minutes
Ben Scrivens (Lon), 31 saves from 35 shots - (0.886), W, 11-3-1, 65:00 minutes
Players Stats for Sewer Rats
Player Name G A P +/- PIM S H SB GA TA FO MP PP MP PK MP
------------------------------------------------------------------------------------
Anthony Duclair 0 1 1 0 0 0 1 0 0 0 0/0 10:48 0:00 0:00
Connor Carrick 0 1 1 1 0 0 0 0 0 0 0/0 4:33 0:00 0:00
Daniel Carr 1 0 1 1 0 5 0 1 2 1 0/0 18:30 0:59 0:59
Dmitrij Jaskin 0 0 0 -1 0 4 0 0 0 0 0/1 10:19 0:00 1:41
Erik Condra 0 0 0 1 2 4 3 0 0 0 0/0 18:47 0:59 0:25
Jarred Tinordi 0 1 1 0 0 1 1 3 0 2 0/0 21:00 0:47 1:47
Joel Edmundson 0 1 1 0 0 1 1 2 0 1 0/0 21:00 0:47 1:47
John Ramage 0 0 0 0 0 0 0 1 0 0 0/0 12:22 0:00 1:44
Jonathan Marchessault 0 0 0 1 0 3 3 1 0 0 4/10 16:56 0:59 0:00
Joseph Blandisi 0 0 0 -1 0 1 1 0 0 0 0/0 8:30 0:00 0:37
Kyle Turris 1 2 3 0 2 2 3 1 0 0 17/36 22:42 1:08 2:48
Mark Mancari 1 0 1 0 0 3 0 0 2 0 0/1 20:05 1:08 0:57
Martin Frk 0 0 0 0 0 1 0 2 0 0 0/0 12:06 0:09 0:00
Matt Lashoff 0 0 0 -1 4 1 2 1 0 1 0/0 27:20 1:29 2:38
Nick Cousins 0 0 0 -1 0 1 0 0 0 0 1/2 7:49 0:00 0:00
Ryan Murphy 0 0 0 0 0 0 1 2 0 0 0/0 10:21 0:00 0:00
Steven Kampfer 0 1 1 -1 0 4 2 3 1 1 0/0 29:06 1:29 4:22
Ville Leino 1 1 2 0 0 2 2 1 0 0 6/13 23:46 1:16 4:19
William Karlsson 0 0 0 0 0 2 2 0 0 1 1/4 13:14 0:10 0:32
Xavier Ouellet 0 0 0 1 0 0 0 0 0 0 0/0 4:33 0:00 0:00
Players Stats for Knights
Player Name G A P +/- PIM S H SB GA TA FO MP PP MP PK MP
------------------------------------------------------------------------------------
Brendan Gaunce 0 0 0 -1 0 0 1 0 0 0 0/2 9:47 0:00 0:07
Collin Miller 0 0 0 -2 2 1 1 1 0 1 0/0 15:58 2:16 0:54
Jaccob Slavin 0 1 1 -1 0 3 0 2 1 1 0/0 27:04 3:53 0:00
Jared Spurgeon 0 2 2 3 0 4 2 1 0 1 0/0 29:24 3:53 0:54
Jonathan Drouin 0 0 0 0 0 0 0 1 0 0 3/3 10:05 0:00 0:00
Jordan Martinook 0 0 0 -2 0 0 1 0 0 0 0/1 15:18 0:00 0:37
Josh Bailey 0 0 0 -1 0 2 1 0 0 0 0/0 13:44 2:14 0:00
Josh Morrissey 1 0 1 -2 0 1 0 0 0 0 0/0 11:49 0:00 0:00
Linden Vey 0 0 0 -2 0 2 1 1 0 0 1/4 19:47 2:14 1:14
Michael Matheson 0 0 0 -1 0 0 2 4 0 1 0/0 20:52 0:00 1:22
Michael Raffl 3 0 3 3 0 6 2 1 2 0 0/1 23:55 3:55 1:14
Miro Aaltonen 0 0 0 -2 0 3 2 0 2 0 9/16 18:34 2:14 0:00
Nicolas Petan 0 0 0 0 0 0 0 0 0 0 0/0 0:00 0:00 0:00
Noel Acciari 0 3 3 3 0 2 1 1 0 1 23/38 23:43 3:55 0:55
Pavel Buchnevich 0 1 1 3 0 2 3 0 0 0 2/2 20:34 3:55 0:00
Scott Wilson 0 0 0 -1 2 0 3 0 0 0 0/0 10:07 0:00 0:00
Tom Wilson 0 0 0 0 0 2 0 0 0 0 0/0 12:04 0:00 0:25
Tomas Kundratek 0 1 1 3 0 4 0 2 2 0 0/0 24:52 2:16 1:22
Valentin Zykov 0 0 0 0 0 2 1 0 0 0 0/0 10:05 0:00 0:00
3 Stars
1 - Michael Raffl (Lon)
2 - Noel Acciari (Lon)
3 - Jared Spurgeon (Lon)
Power Play
Sewer Rats - 1 on 2 Attempt(s) - 50.00%
Knights - 1 on 4 Attempt(s) - 25.00%
Penalty Kill
Sewer Rats - 3 on 4 Attempt(s) - 75.00%
- Score 0 goal in Penalty Kill
Knights - 1 on 2 Attempt(s) - 50.00%
- Score 0 goal in Penalty Kill
Team Stat
Sewer Rats - Hits : 22 - Faceoff Wins : 29 - Blocked Shots : 18 - Penalty Minutes : 8
Knights - Hits : 21 - Faceoff Wins : 38 - Blocked Shots : 14 - Penalty Minutes : 4
Official
Referees : Unknown
Linesman : Unknown
Game Notes
Michael Raffl has scored a Hat Trick!
Finance
Level 1 -- Attendance: 1574 (78.70%) -- Ticket Income $42,498
Level 2 -- Attendance: 685 (68.50%) -- Ticket Income $10,275
Total Attendance: 2259 (75.30%)
Total Ticket Income: $52,773
Other Income: $2,639
Total Income: $55,412
Sewer Rats
5 vs 5 Forward
Center Left Wing Right Wing Time % Phy DF OF
1 Kyle Turris Ville Leino Mark Mancari 40 1 2 2
2 Jonathan Marchessault Daniel Carr Erik Condra 30 1 2 2
3 William Karlsson Anthony Duclair Martin Frk 20 1 2 2
4 Nick Cousins Joseph Blandisi Dmitrij Jaskin 10 1 2 2
5 vs 5 Defense
Defense Defense Time % Phy DF OF
1 Matt Lashoff Steven Kampfer 40 1 2 2
2 Jarred Tinordi Joel Edmundson 30 1 2 2
3 Ryan Murphy John Ramage 20 1 2 2
4 Connor Carrick Xavier Ouellet 10 1 2 2
PowerPlay Forward
Center Left Wing Right Wing Time % Phy DF OF
1 Kyle Turris Ville Leino Mark Mancari 60 1 2 2
2 Jonathan Marchessault Daniel Carr Erik Condra 40 1 2 2
PowerPlay Defense
Defense Defense Time % Phy DF OF
1 Matt Lashoff Steven Kampfer 60 1 2 2
2 Jarred Tinordi Joel Edmundson 40 1 2 2
Penalty Kill 4 Players Forward
Center Wing Time % Phy DF OF
1 Ville Leino Kyle Turris 60 1 2 2
2 Mark Mancari Erik Condra 40 1 2 2
Penalty Kill 4 Players Defense
Defense Defense Time % Phy DF OF
1 Matt Lashoff Steven Kampfer 60 1 2 2
2 Jarred Tinordi Joel Edmundson 40 1 2 2
Penalty Kill - 3 Players Forward
Forward Time % Phy DF OF
1 Ville Leino 60 1 2 2
2 Kyle Turris 40 1 2 2
Penalty Kill - 3 Players Defense
Defense Defense Time % Phy DF OF
1 Matt Lashoff Steven Kampfer 60 1 2 2
2 Jarred Tinordi Joel Edmundson 40 1 2 2
4 vs 4 Forward
Center Wing Time % Phy DF OF
1 Ville Leino Kyle Turris 60 1 2 2
2 Mark Mancari Erik Condra 40 1 2 2
4 vs 4 Defense
Defense Defense Time % Phy DF OF
1 Matt Lashoff Steven Kampfer 60 1 2 2
2 Jarred Tinordi Joel Edmundson 40 1 2 2
Last Minutes Offensive
Center Left Wing Right Wing Defense Defense
Kyle Turris Ville Leino Mark Mancari Matt Lashoff Steven Kampfer
Last Minutes Defensive
Center Left Wing Right Wing Defense Defense
Kyle Turris Ville Leino Mark Mancari Matt Lashoff Steven Kampfer
Goaltenders
Starting : Antoine Bibeau
Backup : Marek Mazanek
Extra Forwards
Normal : William Karlsson, Martin Frk, Dmitrij Jaskin - PP : William Karlsson, Martin Frk - PK : Dmitrij Jaskin
Extra Defensemen
Normal : Ryan Murphy, John Ramage, Connor Carrick - PP : Ryan Murphy - PK : John Ramage, Connor Carrick
Penalty Shots
Ville Leino, Kyle Turris, Mark Mancari, Erik Condra, Jonathan Marchessault
Scratches
Vincent Trocheck (Right Wrist Injury), Jonathan Huberdeau (Sore Left Knee Injury), Dominik Kubalik (Healthy), Mattias Ekholm (Left Hand Injury), Josh Archibald (Healthy)
Jonathan Racine (Healthy), Tyler Motte (Healthy), Chris Calhan (Healthy), Sergei Kostenko (Healthy)
Knights
5 vs 5 Forward
Center Left Wing Right Wing Time % Phy DF OF
1 Noel Acciari Michael Raffl Pavel Buchnevich 38 1 2 2
2 Miro Aaltonen Jordan Martinook Linden Vey 32 1 2 2
3 Brendan Gaunce Scott Wilson Josh Bailey 15 1 2 2
4 Jonathan Drouin Valentin Zykov Tom Wilson 15 2 1 2
5 vs 5 Defense
Defense Defense Time % Phy DF OF
1 Jared Spurgeon Tomas Kundratek 40 1 2 2
2 Michael Matheson Jaccob Slavin 30 1 1 3
3 Josh Morrissey Collin Miller 20 1 2 2
4 Jared Spurgeon Jaccob Slavin 10 1 2 2
PowerPlay Forward
Center Left Wing Right Wing Time % Phy DF OF
1 Noel Acciari Michael Raffl Pavel Buchnevich 60 1 1 3
2 Miro Aaltonen Linden Vey Josh Bailey 40 1 1 3
PowerPlay Defense
Defense Defense Time % Phy DF OF
1 Jaccob Slavin Jared Spurgeon 60 0 1 4
2 Collin Miller Tomas Kundratek 40 0 1 4
Penalty Kill 4 Players Forward
Center Wing Time % Phy DF OF
1 Linden Vey Michael Raffl 60 1 3 1
2 Noel Acciari Tom Wilson 40 1 3 1
Penalty Kill 4 Players Defense
Defense Defense Time % Phy DF OF
1 Michael Matheson Tomas Kundratek 60 1 3 1
2 Jared Spurgeon Collin Miller 40 1 3 1
Penalty Kill - 3 Players Forward
Forward Time % Phy DF OF
1 Michael Raffl 60 0 4 1
2 Linden Vey 40 0 4 1
Penalty Kill - 3 Players Defense
Defense Defense Time % Phy DF OF
1 Tomas Kundratek Jared Spurgeon 60 1 3 1
2 Jaccob Slavin Collin Miller 40 1 3 1
4 vs 4 Forward
Center Wing Time % Phy DF OF
1 Noel Acciari Michael Raffl 60 1 2 2
2 Miro Aaltonen Josh Bailey 40 1 2 2
4 vs 4 Defense
Defense Defense Time % Phy DF OF
1 Jared Spurgeon Jaccob Slavin 60 1 2 2
2 Michael Matheson Tomas Kundratek 40 1 2 2
Last Minutes Offensive
Center Left Wing Right Wing Defense Defense
Miro Aaltonen Michael Raffl Josh Bailey Jared Spurgeon Jaccob Slavin
Last Minutes Defensive
Center Left Wing Right Wing Defense Defense
Noel Acciari Michael Raffl Tom Wilson Tomas Kundratek Jared Spurgeon
Goaltenders
Starting : Ben Scrivens
Backup : Magnus Hellberg
Extra Forwards
Normal : Tom Wilson, Linden Vey, Michael Raffl - PP : Tom Wilson, Michael Raffl - PK : Michael Raffl
Extra Defensemen
Normal : Jaccob Slavin, Jared Spurgeon, Michael Matheson - PP : Jaccob Slavin - PK : Jaccob Slavin, Jared Spurgeon
Penalty Shots
Michael Raffl, Noel Acciari, Pavel Buchnevich, Tom Wilson, Linden Vey
Scratches
Zach Nastasiuk (Healthy), Cody Bass (Healthy), Alan Quine (Healthy), Matt Puempel (Healthy), David Shields (Healthy)
Matthew Benning (Healthy), Matt Grzelcyk (Healthy), Trevor Moore (Healthy), Curtis Valk (Healthy), Anthony Louis (Healthy)
Ludwig Bystrom (Healthy), Brett Connolly (Healthy), Travis Boyd (Healthy), Zach Trotman (Healthy), Anton Blidh (Healthy)
A.J. Jenks (Healthy), Connor Knapp (Healthy), Eamon McAdam (Healthy), Philippe Desrosiers (Healthy), Ville Husso (Healthy)
% Time on Ice - Sewer Rats
Lines # - Real PCT - Wanted PCT - Time Play
Normal Forward
1 - 32% - 40% - 16:36
2 - 32% - 30% - 16:22
3 - 21% - 20% - 10:48
4 - 15% - 10% - 7:49
Normal Defense
1 - 41% - 40% - 20:56
2 - 31% - 30% - 15:45
3 - 20% - 20% - 10:21
4 - 9% - 10% - 4:33
PP Forward
1 - 57% - 60% - 1:17
2 - 43% - 40% - 0:59
PP Defense
1 - 65% - 60% - 1:29
2 - 35% - 40% - 0:47
PK Forward
1 - 85% - 60% - 5:12
2 - 15% - 40% - 0:57
PK Defense
1 - 71% - 60% - 4:22
2 - 29% - 40% - 1:47
PK3 Forward
1 - 0% - 60%
2 - 0% - 40%
PK3 Defense
1 - 0% - 60%
2 - 0% - 40%
44 Forward
1 - 73% - 60% - 3:40
2 - 27% - 40% - 1:20
44 Defense
1 - 46% - 60% - 2:19
2 - 54% - 40% - 2:41
Last Minute Offensive - 0:00
Last Minute Defensive - 0:00
Total
Forward - 65:00
Defense - 65:00
|
% Time on Ice - Knights
Lines # - Real PCT - Wanted PCT - Time Play
Normal Forward
1 - 33% - 38% - 16:46
2 - 29% - 32% - 15:06
3 - 19% - 15% - 9:38
4 - 20% - 15% - 10:05
Normal Defense
1 - 39% - 40% - 20:03
2 - 34% - 30% - 17:17
3 - 23% - 20% - 11:49
4 - 5% - 10% - 2:26
PP Forward
1 - 64% - 60% - 3:55
2 - 36% - 40% - 2:14
PP Defense
1 - 63% - 60% - 3:53
2 - 37% - 40% - 2:16
PK Forward
1 - 82% - 60% - 1:51
2 - 18% - 40% - 0:25
PK Defense
1 - 60% - 60% - 1:22
2 - 40% - 40% - 0:54
PK3 Forward
1 - 0% - 60%
2 - 0% - 40%
PK3 Defense
1 - 0% - 60%
2 - 0% - 40%
44 Forward
1 - 71% - 60% - 3:33
2 - 29% - 40% - 1:27
44 Defense
1 - 60% - 60% - 3:00
2 - 40% - 40% - 2:00
Last Minute Offensive - 0:00
Last Minute Defensive - 0:00
Total
Forward - 65:00
Defense - 65:00
|
Play by Play
1st period
0:01 of 1st period - Kyle Turris wins face-off versus Noel Acciari in neutral zone.
0:52 of 1st period - Slapshot by Brendan Gaunce.
0:52 of 1st period - Shot Misses the Net.
1:16 of 1st period - Slapshot by Jared Spurgeon.
1:16 of 1st period - Stopped by Antoine Bibeau without a rebound.
1:17 of 1st period - Miro Aaltonen wins face-off versus Kyle Turris in Sewer Rats zone.
1:18 of 1st period - Snap shot by Linden Vey.
1:18 of 1st period - Shot Blocked by Ryan Murphy.
1:44 of 1st period - Michael Matheson is hit by Jonathan Marchessault and loses puck.
3:37 of 1st period - Off-side.
3:38 of 1st period - Kyle Turris wins face-off versus Jordan Martinook in neutral zone.
4:11 of 1st period - Slapshot by Noel Acciari.
4:11 of 1st period - Shot Misses the Net.
4:58 of 1st period - Slapshot by Jonathan Drouin.
4:58 of 1st period - Shot Blocked by Joel Edmundson.
5:00 of 1st period - Wrist shot by Valentin Zykov.
5:00 of 1st period - Stopped by Antoine Bibeau with a rebound.
5:10 of 1st period - Jarred Tinordi is hit by Collin Miller and loses puck.
5:19 of 1st period - Snap shot by Noel Acciari.
5:19 of 1st period - Shot Misses the Net.
5:21 of 1st period - Slapshot by Josh Morrissey.
5:21 of 1st period - Deflect By Joel Edmundson.
5:21 of 1st period - Goal by Josh Morrissey - Sewer Rats : 0 - Knights : 1.
5:22 of 1st period - Noel Acciari wins face-off versus Kyle Turris in neutral zone.
5:34 of 1st period - Off-side.
5:35 of 1st period - Miro Aaltonen wins face-off versus Kyle Turris in neutral zone.
6:06 of 1st period - Slapshot by Michael Raffl.
6:06 of 1st period - Shot Hit the Post.
6:52 of 1st period - Snap shot by Mark Mancari.
6:52 of 1st period - Shot Blocked by Tomas Kundratek.
7:12 of 1st period - Slapshot by Linden Vey.
7:12 of 1st period - Stopped by Antoine Bibeau without a rebound.
7:13 of 1st period - Noel Acciari wins face-off versus Kyle Turris in Sewer Rats zone.
7:14 of 1st period - Wrist shot by Michael Raffl.
7:14 of 1st period - Deflect By Noel Acciari.
7:14 of 1st period - Shot Misses the Net.
7:14 of 1st period - Puck is out of play.
7:15 of 1st period - Noel Acciari wins face-off versus Kyle Turris in Sewer Rats zone.
7:16 of 1st period - Slapshot by Michael Raffl.
7:16 of 1st period - Shot Misses the Net.
7:22 of 1st period - Snap shot by Ville Leino.
7:22 of 1st period - Shot Misses the Net.
7:44 of 1st period - Wrist shot by William Karlsson.
7:44 of 1st period - Deflect By Anthony Duclair.
7:44 of 1st period - Shot Blocked by Michael Matheson.
7:44 of 1st period - Puck is out of play.
7:45 of 1st period - William Karlsson wins face-off versus Miro Aaltonen in Knights zone.
7:48 of 1st period - Snap shot by Martin Frk.
7:48 of 1st period - Shot Misses the Net.
8:10 of 1st period - Mark Mancari is hit by Jared Spurgeon and loses puck.
10:19 of 1st period - Snap shot by Miro Aaltonen.
10:19 of 1st period - Stopped by Antoine Bibeau with a rebound.
10:21 of 1st period - Slapshot by Collin Miller.
10:21 of 1st period - Shot Misses the Net.
10:23 of 1st period - Snap shot by Linden Vey.
10:23 of 1st period - Shot Misses the Net.
10:59 of 1st period - Snap shot by Kyle Turris.
10:59 of 1st period - Shot Misses the Net.
11:21 of 1st period - Snap shot by Scott Wilson.
11:21 of 1st period - Shot Misses the Net.
12:06 of 1st period - Snap shot by Tom Wilson.
12:06 of 1st period - Deflect By Valentin Zykov.
12:06 of 1st period - Shot Blocked by Joel Edmundson.
12:06 of 1st period - Puck is out of play.
12:07 of 1st period - Kyle Turris wins face-off versus Noel Acciari in Sewer Rats zone.
12:25 of 1st period - Ville Leino is hit by Michael Raffl and loses puck.
13:07 of 1st period - Wrist shot by Josh Bailey.
13:07 of 1st period - Shot Misses the Net.
13:09 of 1st period - Slapshot by Tomas Kundratek.
13:09 of 1st period - Deflect By Matt Lashoff.
13:09 of 1st period - Stopped by Antoine Bibeau with a rebound.
13:11 of 1st period - Slapshot by Jared Spurgeon.
13:11 of 1st period - Shot Blocked by Steven Kampfer.
13:45 of 1st period - Wrist shot by Daniel Carr.
13:45 of 1st period - Shot Misses the Net.
14:01 of 1st period - Wrist shot by Jonathan Drouin.
14:01 of 1st period - Shot Blocked by Jarred Tinordi.
14:06 of 1st period - Minor Penalty to Erik Condra for Hooking.
14:07 of 1st period - Noel Acciari wins face-off versus Ville Leino in Sewer Rats zone.
14:11 of 1st period - Wrist shot by Noel Acciari.
14:11 of 1st period - Stopped by Antoine Bibeau without a rebound.
14:12 of 1st period - Noel Acciari wins face-off versus Kyle Turris in Sewer Rats zone.
14:19 of 1st period - Slapshot by Tomas Kundratek.
14:19 of 1st period - Stopped by Antoine Bibeau without a rebound.
14:20 of 1st period - Ville Leino wins face-off versus Noel Acciari in Sewer Rats zone.
14:27 of 1st period - Wrist shot by Pavel Buchnevich.
14:27 of 1st period - Stopped by Antoine Bibeau with a rebound.
14:29 of 1st period - Slapshot by Jared Spurgeon.
14:29 of 1st period - Stopped by Antoine Bibeau with a rebound.
15:36 of 1st period - Linden Vey is hit by William Karlsson.
16:06 of 1st period - Penalty to Erik Condra is over, Erik Condra is back on ice.
16:10 of 1st period - Snap shot by Erik Condra.
16:10 of 1st period - Shot Blocked by Tomas Kundratek.
16:12 of 1st period - Snap shot by Mark Mancari.
16:12 of 1st period - Stopped by Ben Scrivens without a rebound.
16:13 of 1st period - Jonathan Drouin wins face-off versus Jonathan Marchessault in Knights zone.
16:20 of 1st period - Snap shot by Tom Wilson.
16:20 of 1st period - Stopped by Antoine Bibeau with a rebound.
16:22 of 1st period - Wrist shot by Valentin Zykov.
16:22 of 1st period - Stopped by Antoine Bibeau without a rebound.
16:23 of 1st period - Jonathan Drouin wins face-off versus Jonathan Marchessault in Sewer Rats zone.
16:56 of 1st period - Wrist shot by Daniel Carr.
16:56 of 1st period - Stopped by Ben Scrivens with a rebound.
17:08 of 1st period - Tom Wilson is hit by Erik Condra and loses puck.
17:21 of 1st period - Wrist shot by Jonathan Drouin.
17:21 of 1st period - Shot Blocked by Daniel Carr.
17:23 of 1st period - Slapshot by Jaccob Slavin.
17:23 of 1st period - Shot Misses the Net.
17:44 of 1st period - Slapshot by Valentin Zykov.
17:44 of 1st period - Shot Blocked by Jonathan Marchessault.
17:46 of 1st period - Slapshot by Tom Wilson.
17:46 of 1st period - Shot Misses the Net.
17:48 of 1st period - Snap shot by Jonathan Drouin.
17:48 of 1st period - Shot Misses the Net.
17:50 of 1st period - Backhand shot by Jaccob Slavin.
17:50 of 1st period - Stopped by Antoine Bibeau without a rebound.
17:51 of 1st period - Noel Acciari wins face-off versus Kyle Turris in Sewer Rats zone.
17:52 of 1st period - Slapshot by Tomas Kundratek.
17:52 of 1st period - Shot Misses the Net.
18:41 of 1st period - Josh Morrissey is hit by Joseph Blandisi and loses puck.
18:49 of 1st period - Minor Penalty to Collin Miller for Boarding.
18:50 of 1st period - Ville Leino wins face-off versus Linden Vey in Knights zone.
18:50 of 1st period - Snap shot by Kyle Turris.
18:50 of 1st period - Shot Misses the Net.
18:52 of 1st period - Slapshot by Steven Kampfer.
18:52 of 1st period - Deflect By Tomas Kundratek.
18:52 of 1st period - Stopped by Ben Scrivens without a rebound.
18:53 of 1st period - Linden Vey wins face-off versus Kyle Turris in Knights zone.
19:06 of 1st period - Snap shot by Mark Mancari.
19:06 of 1st period - Goal by Mark Mancari - Sewer Rats : 1 - Knights : 1.
19:07 of 1st period - Kyle Turris wins face-off versus Michael Raffl in neutral zone.
19:11 of 1st period - Off-side.
19:12 of 1st period - Kyle Turris wins face-off versus Noel Acciari in neutral zone.
19:15 of 1st period - Slapshot by Steven Kampfer.
19:15 of 1st period - Shot Blocked by Michael Raffl.
19:21 of 1st period - Wrist shot by Ville Leino.
19:21 of 1st period - Shot Blocked by Noel Acciari.
19:23 of 1st period - Snap shot by Mark Mancari.
19:23 of 1st period - Stopped by Ben Scrivens with a rebound.
19:32 of 1st period - Minor Penalty to Matt Lashoff for Hooking.
19:33 of 1st period - Noel Acciari wins face-off versus Ville Leino in Sewer Rats zone.
Goals for this period are 1 for Sewer Rats vs 1 for Knights.
Shots for this period are 5 for Sewer Rats vs 13 for Knights.
2nd period
0:01 of 2nd period - Kyle Turris wins face-off versus Noel Acciari in neutral zone.
0:34 of 2nd period - Slapshot by Josh Bailey.
0:34 of 2nd period - Stopped by Antoine Bibeau without a rebound.
0:35 of 2nd period - Ville Leino wins face-off versus Noel Acciari in Sewer Rats zone.
0:56 of 2nd period - Snap shot by Pavel Buchnevich.
0:56 of 2nd period - Stopped by Antoine Bibeau with a rebound.
0:58 of 2nd period - Snap shot by Collin Miller.
0:58 of 2nd period - Stopped by Antoine Bibeau with a rebound.
1:00 of 2nd period - Wrist shot by Jared Spurgeon.
1:00 of 2nd period - Deflect By Linden Vey.
1:00 of 2nd period - Shot Misses the Net.
1:00 of 2nd period - Puck is out of play.
1:01 of 2nd period - Miro Aaltonen wins face-off versus Mark Mancari in Sewer Rats zone.
1:02 of 2nd period - Snap shot by Josh Bailey.
1:02 of 2nd period - Shot Blocked by Steven Kampfer.
1:04 of 2nd period - Wrist shot by Jared Spurgeon.
1:04 of 2nd period - Stopped by Antoine Bibeau without a rebound.
1:05 of 2nd period - Ville Leino wins face-off versus Noel Acciari in Sewer Rats zone.
1:32 of 2nd period - Penalty to Matt Lashoff is over, Matt Lashoff is back on ice.
1:48 of 2nd period - Backhand shot by Matt Lashoff.
1:48 of 2nd period - Stopped by Ben Scrivens without a rebound.
1:49 of 2nd period - Jonathan Drouin wins face-off versus Jonathan Marchessault in Knights zone.
1:54 of 2nd period - Slapshot by Jonathan Drouin.
1:54 of 2nd period - Shot Misses the Net.
2:02 of 2nd period - Snap shot by Daniel Carr.
2:02 of 2nd period - Shot Blocked by Collin Miller.
2:04 of 2nd period - Snap shot by Erik Condra.
2:04 of 2nd period - Shot Misses the Net.
2:14 of 2nd period - Jarred Tinordi is hit by Pavel Buchnevich and loses puck.
3:43 of 2nd period - Snap shot by William Karlsson.
3:43 of 2nd period - Stopped by Ben Scrivens with a rebound.
4:05 of 2nd period - Wrist shot by Dmitrij Jaskin.
4:05 of 2nd period - Stopped by Ben Scrivens without a rebound.
4:06 of 2nd period - Nick Cousins wins face-off versus Miro Aaltonen in Knights zone.
4:07 of 2nd period - Slapshot by Dmitrij Jaskin.
4:07 of 2nd period - Shot Misses the Net.
4:33 of 2nd period - Noel Acciari is hit by Ville Leino and loses puck.
4:52 of 2nd period - Snap shot by Josh Bailey.
4:52 of 2nd period - Shot Misses the Net.
5:20 of 2nd period - Snap shot by Jonathan Marchessault.
5:20 of 2nd period - Stopped by Ben Scrivens without a rebound.
5:21 of 2nd period - Pavel Buchnevich wins face-off versus Kyle Turris in Knights zone.
5:21 of 2nd period - Pavel Buchnevich is hit by Kyle Turris.
5:52 of 2nd period - Wrist shot by Miro Aaltonen.
5:52 of 2nd period - Shot Blocked by Matt Lashoff.
5:54 of 2nd period - Slapshot by Jared Spurgeon.
5:54 of 2nd period - Stopped by Antoine Bibeau without a rebound.
5:55 of 2nd period - Miro Aaltonen wins face-off versus Kyle Turris in Sewer Rats zone.
5:56 of 2nd period - Wrist shot by Jordan Martinook.
5:56 of 2nd period - Deflect By Ville Leino.
5:56 of 2nd period - Shot Blocked by Kyle Turris.
5:56 of 2nd period - Puck is out of play.
5:57 of 2nd period - Kyle Turris wins face-off versus Miro Aaltonen in Sewer Rats zone.
6:06 of 2nd period - Wrist shot by Kyle Turris.
6:06 of 2nd period - Shot Misses the Net.
6:08 of 2nd period - Snap shot by Kyle Turris.
6:08 of 2nd period - Deflect By Ville Leino.
6:08 of 2nd period - Goal by Ville Leino - Sewer Rats : 2 - Knights : 1.
6:09 of 2nd period - Noel Acciari wins face-off versus Kyle Turris in neutral zone.
6:12 of 2nd period - Snap shot by Michael Raffl.
6:12 of 2nd period - Stopped by Antoine Bibeau with a rebound.
6:16 of 2nd period - Slapshot by Michael Raffl.
6:16 of 2nd period - Shot Misses the Net.
6:18 of 2nd period - Snap shot by Michael Raffl.
6:18 of 2nd period - Shot Blocked by Ville Leino.
6:20 of 2nd period - Backhand shot by Michael Raffl.
6:20 of 2nd period - Goal by Michael Raffl - Sewer Rats : 2 - Knights : 2.
6:21 of 2nd period - Kyle Turris wins face-off versus Noel Acciari in neutral zone.
6:36 of 2nd period - Slapshot by Michael Raffl.
6:36 of 2nd period - Goal by Michael Raffl - Sewer Rats : 2 - Knights : 3.
6:37 of 2nd period - Noel Acciari wins face-off versus Kyle Turris in neutral zone.
7:02 of 2nd period - Linden Vey is hit by Matt Lashoff and loses puck.
7:08 of 2nd period - Icing by Jordan Martinook.
7:09 of 2nd period - Miro Aaltonen wins face-off versus Kyle Turris in Knights zone.
7:17 of 2nd period - Off-side.
7:18 of 2nd period - Kyle Turris wins face-off versus Noel Acciari in neutral zone.
7:27 of 2nd period - Wrist shot by Kyle Turris.
7:27 of 2nd period - Stopped by Ben Scrivens without a rebound.
7:28 of 2nd period - Kyle Turris wins face-off versus Noel Acciari in Knights zone.
8:01 of 2nd period - Wrist shot by Miro Aaltonen.
8:01 of 2nd period - Stopped by Antoine Bibeau with a rebound.
8:07 of 2nd period - Miro Aaltonen is hit by Erik Condra and loses puck.
9:06 of 2nd period - Snap shot by Dmitrij Jaskin.
9:06 of 2nd period - Stopped by Ben Scrivens with a rebound.
9:08 of 2nd period - Slapshot by Joseph Blandisi.
9:08 of 2nd period - Stopped by Ben Scrivens without a rebound.
9:09 of 2nd period - Noel Acciari wins face-off versus Kyle Turris in Knights zone.
9:22 of 2nd period - Slapshot by Pavel Buchnevich.
9:22 of 2nd period - Shot Misses the Net.
9:24 of 2nd period - Snap shot by Michael Raffl.
9:24 of 2nd period - Shot Misses the Net.
9:34 of 2nd period - Collin Miller is hit by Jonathan Marchessault and loses puck.
9:50 of 2nd period - Icing by Erik Condra.
9:51 of 2nd period - Jonathan Marchessault wins face-off versus Brendan Gaunce in Sewer Rats zone.
9:58 of 2nd period - Slapshot by Kyle Turris.
9:58 of 2nd period - Shot Blocked by Jaccob Slavin.
10:00 of 2nd period - Slapshot by Steven Kampfer.
10:00 of 2nd period - Stopped by Ben Scrivens with a rebound.
10:02 of 2nd period - Wrist shot by Ville Leino.
10:02 of 2nd period - Shot Misses the Net.
10:04 of 2nd period - Snap shot by Steven Kampfer.
10:04 of 2nd period - Shot Blocked by Jaccob Slavin.
10:06 of 2nd period - Snap shot by Steven Kampfer.
10:06 of 2nd period - Deflect By Kyle Turris.
10:06 of 2nd period - Shot Misses the Net.
10:06 of 2nd period - Puck is out of play.
10:07 of 2nd period - Noel Acciari wins face-off versus Jonathan Marchessault in Knights zone.
10:19 of 2nd period - Slapshot by Erik Condra.
10:19 of 2nd period - Stopped by Ben Scrivens with a rebound.
10:33 of 2nd period - Jared Spurgeon is hit by Ryan Murphy and loses puck.
10:38 of 2nd period - Snap shot by Martin Frk.
10:38 of 2nd period - Shot Blocked by Linden Vey.
10:40 of 2nd period - Snap shot by Anthony Duclair.
10:40 of 2nd period - Shot Misses the Net.
10:42 of 2nd period - Slapshot by Martin Frk.
10:42 of 2nd period - Shot Misses the Net.
10:58 of 2nd period - Wrist shot by Kyle Turris.
10:58 of 2nd period - Deflect By Mark Mancari.
10:58 of 2nd period - Shot Misses the Net.
10:58 of 2nd period - Puck is out of play.
10:59 of 2nd period - Kyle Turris wins face-off versus Brendan Gaunce in Knights zone.
11:24 of 2nd period - Collin Miller is hit by Kyle Turris and loses puck.
11:34 of 2nd period - Minor Penalty to Scott Wilson for Interference.
11:35 of 2nd period - Jonathan Marchessault wins face-off versus Linden Vey in Knights zone.
13:34 of 2nd period - Penalty to Scott Wilson is over, Scott Wilson is back on ice.
13:41 of 2nd period - Kyle Turris is hit by Valentin Zykov and loses puck.
13:48 of 2nd period - Jaccob Slavin is hit by Kyle Turris and loses puck.
13:59 of 2nd period - Ryan Murphy is hit by Brendan Gaunce and loses puck.
14:22 of 2nd period - Martin Frk is hit by Jordan Martinook and loses puck.
14:54 of 2nd period - Wrist shot by Jaccob Slavin.
14:54 of 2nd period - Stopped by Antoine Bibeau with a rebound.
14:56 of 2nd period - Snap shot by Josh Bailey.
14:56 of 2nd period - Shot Misses the Net.
17:07 of 2nd period - Dmitrij Jaskin is hit by Michael Matheson and loses puck.
17:16 of 2nd period - Snap shot by Noel Acciari.
17:16 of 2nd period - Stopped by Antoine Bibeau without a rebound.
17:17 of 2nd period - Jonathan Marchessault wins face-off versus Miro Aaltonen in Sewer Rats zone.
17:30 of 2nd period - Erik Condra is hit by Miro Aaltonen and loses puck.
17:43 of 2nd period - Noel Acciari is hit by Ville Leino and loses puck.
17:54 of 2nd period - Ville Leino is hit by Pavel Buchnevich and loses puck.
18:33 of 2nd period - Jarred Tinordi is hit by Michael Matheson and loses puck.
19:08 of 2nd period - Kyle Turris is hit by Scott Wilson and loses puck.
19:19 of 2nd period - Wrist shot by Ville Leino.
19:19 of 2nd period - Shot Misses the Net.
19:33 of 2nd period - Snap shot by William Karlsson.
19:33 of 2nd period - Shot Misses the Net.
19:49 of 2nd period - Snap shot by Nick Cousins.
19:49 of 2nd period - Stopped by Ben Scrivens without a rebound.
19:50 of 2nd period - Miro Aaltonen wins face-off versus Nick Cousins in Knights zone.
Goals for this period are 1 for Sewer Rats vs 2 for Knights.
Shots for this period are 11 for Sewer Rats vs 11 for Knights.
3rd period
0:01 of 3rd period - Kyle Turris wins face-off versus Noel Acciari in neutral zone.
0:26 of 3rd period - Daniel Carr is hit by Linden Vey and loses puck.
0:55 of 3rd period - Snap shot by Tom Wilson.
0:55 of 3rd period - Stopped by Antoine Bibeau with a rebound.
0:57 of 3rd period - Slapshot by Collin Miller.
0:57 of 3rd period - Shot Blocked by Martin Frk.
1:11 of 3rd period - Snap shot by Steven Kampfer.
1:11 of 3rd period - Shot Misses the Net.
1:13 of 3rd period - Slapshot by Steven Kampfer.
1:13 of 3rd period - Stopped by Ben Scrivens with a rebound.
1:15 of 3rd period - Wrist shot by Kyle Turris.
1:15 of 3rd period - Shot Misses the Net.
1:17 of 3rd period - Slapshot by Steven Kampfer.
1:17 of 3rd period - Stopped by Ben Scrivens with a rebound.
1:19 of 3rd period - Slapshot by Kyle Turris.
1:19 of 3rd period - Goal by Kyle Turris - Sewer Rats : 3 - Knights : 3.
1:20 of 3rd period - Kyle Turris wins face-off versus Noel Acciari in neutral zone.
1:47 of 3rd period - Jared Spurgeon is hit by William Karlsson and loses puck.
1:56 of 3rd period - Slapshot by Joel Edmundson.
1:56 of 3rd period - Stopped by Ben Scrivens without a rebound.
1:57 of 3rd period - Jonathan Marchessault wins face-off versus Miro Aaltonen in Knights zone.
2:12 of 3rd period - Snap shot by Miro Aaltonen.
2:12 of 3rd period - Stopped by Antoine Bibeau without a rebound.
2:13 of 3rd period - Noel Acciari wins face-off versus Kyle Turris in Sewer Rats zone.
2:26 of 3rd period - Steven Kampfer is hit by Pavel Buchnevich and loses puck.
2:59 of 3rd period - Josh Bailey is hit by Matt Lashoff and loses puck.
3:46 of 3rd period - Michael Raffl is hit by Jarred Tinordi and loses puck.
4:00 of 3rd period - Slapshot by Daniel Carr.
4:00 of 3rd period - Stopped by Ben Scrivens with a rebound.
4:02 of 3rd period - Slapshot by Joel Edmundson.
4:02 of 3rd period - Shot Misses the Net.
4:04 of 3rd period - Snap shot by Daniel Carr.
4:04 of 3rd period - Deflect By Linden Vey.
4:04 of 3rd period - Goal by Daniel Carr - Sewer Rats : 4 - Knights : 3.
4:05 of 3rd period - Kyle Turris wins face-off versus Noel Acciari in neutral zone.
4:17 of 3rd period - Ville Leino is hit by Michael Raffl and loses puck.
4:30 of 3rd period - Mark Mancari is hit by Scott Wilson and loses puck.
5:15 of 3rd period - Slapshot by William Karlsson.
5:15 of 3rd period - Stopped by Ben Scrivens with a rebound.
5:54 of 3rd period - Snap shot by Linden Vey.
5:54 of 3rd period - Shot Blocked by Jarred Tinordi.
6:22 of 3rd period - Wrist shot by Erik Condra.
6:22 of 3rd period - Shot Blocked by Michael Matheson.
6:48 of 3rd period - Wrist shot by Dmitrij Jaskin.
6:48 of 3rd period - Stopped by Ben Scrivens with a rebound.
6:50 of 3rd period - Snap shot by Dmitrij Jaskin.
6:50 of 3rd period - Shot Blocked by Michael Matheson.
6:52 of 3rd period - Backhand shot by Connor Carrick.
6:52 of 3rd period - Shot Blocked by Michael Matheson.
7:02 of 3rd period - Slapshot by Erik Condra.
7:02 of 3rd period - Shot Blocked by Jonathan Drouin.
7:04 of 3rd period - Snap shot by Jonathan Marchessault.
7:04 of 3rd period - Stopped by Ben Scrivens without a rebound.
7:05 of 3rd period - Noel Acciari wins face-off versus Jonathan Marchessault in Knights zone.
7:24 of 3rd period - Erik Condra is hit by Jared Spurgeon and loses puck.
7:32 of 3rd period - Jared Spurgeon is hit by Erik Condra and loses puck.
7:45 of 3rd period - Slapshot by Pavel Buchnevich.
7:45 of 3rd period - Shot Blocked by Ryan Murphy.
8:03 of 3rd period - Tomas Kundratek is hit by Jonathan Marchessault and loses puck.
8:12 of 3rd period - Wrist shot by Pavel Buchnevich.
8:12 of 3rd period - Shot Misses the Net.
8:18 of 3rd period - Snap shot by Michael Raffl.
8:18 of 3rd period - Shot Misses the Net.
8:40 of 3rd period - Snap shot by Daniel Carr.
8:40 of 3rd period - Stopped by Ben Scrivens without a rebound.
8:41 of 3rd period - Miro Aaltonen wins face-off versus Kyle Turris in Knights zone.
9:08 of 3rd period - Anthony Duclair is hit by Scott Wilson.
9:15 of 3rd period - Off-side.
9:16 of 3rd period - Kyle Turris wins face-off versus Miro Aaltonen in neutral zone.
9:21 of 3rd period - Snap shot by Ville Leino.
9:21 of 3rd period - Stopped by Ben Scrivens with a rebound.
9:42 of 3rd period - Slapshot by Josh Bailey.
9:42 of 3rd period - Stopped by Antoine Bibeau with a rebound.
9:53 of 3rd period - Off-side.
9:54 of 3rd period - Kyle Turris wins face-off versus Linden Vey in neutral zone.
9:56 of 3rd period - Off-side.
9:57 of 3rd period - Miro Aaltonen wins face-off versus Ville Leino in neutral zone.
10:19 of 3rd period - Minor Penalty to Matt Lashoff for Tripping.
10:20 of 3rd period - Ville Leino wins face-off versus Noel Acciari in Sewer Rats zone.
10:29 of 3rd period - Slapshot by Jaccob Slavin.
10:29 of 3rd period - Shot Blocked by John Ramage.
10:31 of 3rd period - Snap shot by Michael Raffl.
10:31 of 3rd period - Goal by Michael Raffl - Sewer Rats : 4 - Knights : 4.
10:32 of 3rd period - Noel Acciari wins face-off versus Kyle Turris in neutral zone.
10:37 of 3rd period - Snap shot by Tomas Kundratek.
10:37 of 3rd period - Stopped by Antoine Bibeau with a rebound.
10:39 of 3rd period - Minor Penalty to Kyle Turris for Tripping.
10:40 of 3rd period - Pavel Buchnevich wins face-off versus Ville Leino in Sewer Rats zone.
10:49 of 3rd period - Snap shot by Pavel Buchnevich.
10:49 of 3rd period - Deflect By Michael Raffl.
10:49 of 3rd period - Shot Blocked by Steven Kampfer.
10:49 of 3rd period - Puck is out of play.
10:50 of 3rd period - Noel Acciari wins face-off versus Ville Leino in Sewer Rats zone.
10:51 of 3rd period - Snap shot by Michael Raffl.
10:51 of 3rd period - Stopped by Antoine Bibeau without a rebound.
10:52 of 3rd period - Noel Acciari wins face-off versus Dmitrij Jaskin in Sewer Rats zone.
10:55 of 3rd period - Slapshot by Jaccob Slavin.
10:55 of 3rd period - Stopped by Antoine Bibeau with a rebound.
12:39 of 3rd period - Penalty to Kyle Turris is over, Kyle Turris is back on ice.
13:30 of 3rd period - Wrist shot by Mark Mancari.
13:30 of 3rd period - Shot Misses the Net.
15:39 of 3rd period - Icing by Erik Condra.
15:40 of 3rd period - Miro Aaltonen wins face-off versus Jonathan Marchessault in Sewer Rats zone.
16:09 of 3rd period - Icing by Valentin Zykov.
16:10 of 3rd period - Noel Acciari wins face-off versus William Karlsson in Knights zone.
16:10 of 3rd period - Noel Acciari is hit by Anthony Duclair.
16:16 of 3rd period - Wrist shot by Pavel Buchnevich.
16:16 of 3rd period - Shot Misses the Net.
16:24 of 3rd period - Wrist shot by Martin Frk.
16:24 of 3rd period - Stopped by Ben Scrivens without a rebound.
16:25 of 3rd period - Kyle Turris wins face-off versus Miro Aaltonen in Knights zone.
16:50 of 3rd period - Jordan Martinook is hit by Steven Kampfer and loses puck.
17:41 of 3rd period - Snap shot by Daniel Carr.
17:41 of 3rd period - Stopped by Ben Scrivens with a rebound.
17:55 of 3rd period - Snap shot by Erik Condra.
17:55 of 3rd period - Stopped by Ben Scrivens with a rebound.
18:01 of 3rd period - Snap shot by Jonathan Marchessault.
18:01 of 3rd period - Stopped by Ben Scrivens with a rebound.
18:17 of 3rd period - Slapshot by Erik Condra.
18:17 of 3rd period - Shot Misses the Net.
18:19 of 3rd period - Wrist shot by Jonathan Marchessault.
18:19 of 3rd period - Shot Misses the Net.
18:21 of 3rd period - Wrist shot by Erik Condra.
18:21 of 3rd period - Stopped by Ben Scrivens without a rebound.
18:22 of 3rd period - Noel Acciari wins face-off versus William Karlsson in Knights zone.
18:37 of 3rd period - Slapshot by Michael Raffl.
18:37 of 3rd period - Stopped by Antoine Bibeau without a rebound.
18:38 of 3rd period - Noel Acciari wins face-off versus Kyle Turris in Sewer Rats zone.
18:47 of 3rd period - Slapshot by Jared Spurgeon.
18:47 of 3rd period - Deflect By Pavel Buchnevich.
18:47 of 3rd period - Shot Misses the Net.
18:47 of 3rd period - Puck is out of play.
18:48 of 3rd period - Noel Acciari wins face-off versus Kyle Turris in Sewer Rats zone.
18:48 of 3rd period - Noel Acciari is hit by Joel Edmundson.
18:50 of 3rd period - Slapshot by Tomas Kundratek.
18:50 of 3rd period - Shot Blocked by Jarred Tinordi.
18:52 of 3rd period - Slapshot by Tomas Kundratek.
18:52 of 3rd period - Stopped by Antoine Bibeau without a rebound.
18:53 of 3rd period - Noel Acciari wins face-off versus William Karlsson in Sewer Rats zone.
19:02 of 3rd period - Slapshot by Noel Acciari.
19:02 of 3rd period - Shot Misses the Net.
Goals for this period are 2 for Sewer Rats vs 1 for Knights.
Shots for this period are 16 for Sewer Rats vs 9 for Knights.
Overtime #1
0:01 of 1st overtime period - Noel Acciari wins face-off versus Ville Leino in neutral zone.
0:40 of 1st overtime period - Slapshot by Jared Spurgeon.
0:40 of 1st overtime period - Shot Blocked by Martin Frk.
0:42 of 1st overtime period - Wrist shot by Linden Vey.
0:42 of 1st overtime period - Stopped by Antoine Bibeau with a rebound.
0:44 of 1st overtime period - Snap shot by Linden Vey.
0:44 of 1st overtime period - Shot Misses the Net.
1:20 of 1st overtime period - Wrist shot by Erik Condra.
1:20 of 1st overtime period - Stopped by Ben Scrivens without a rebound.
1:21 of 1st overtime period - Noel Acciari wins face-off versus Ville Leino in Knights zone.
1:47 of 1st overtime period - Mark Mancari is hit by Miro Aaltonen and loses puck.
1:54 of 1st overtime period - Josh Bailey is hit by Steven Kampfer and loses puck.
2:37 of 1st overtime period - Snap shot by William Karlsson.
2:37 of 1st overtime period - Shot Blocked by Jared Spurgeon.
3:03 of 1st overtime period - Slapshot by Dmitrij Jaskin.
3:03 of 1st overtime period - Stopped by Ben Scrivens with a rebound.
3:05 of 1st overtime period - Slapshot by Jarred Tinordi.
3:05 of 1st overtime period - Shot Misses the Net.
3:07 of 1st overtime period - Slapshot by Jarred Tinordi.
3:07 of 1st overtime period - Stopped by Ben Scrivens without a rebound.
3:08 of 1st overtime period - Ville Leino wins face-off versus Noel Acciari in Knights zone.
4:17 of 1st overtime period - Mark Mancari is hit by Noel Acciari and loses puck.
4:30 of 1st overtime period - William Karlsson is hit by Josh Bailey and loses puck.
Goals for this period are 0 for Sewer Rats vs 0 for Knights.
Shots for this period are 3 for Sewer Rats vs 1 for Knights.
ShootOut
5:00 of 1st overtime period - Penalty Shot by Ville Leino for Sewer Rats.
5:00 of 1st overtime period - Snap shot by Ville Leino.
5:00 of 1st overtime period - Goal by Ville Leino.
5:00 of 1st overtime period - Penalty Shot by Michael Raffl for Knights.
5:00 of 1st overtime period - Backhand shot by Michael Raffl.
5:00 of 1st overtime period - Goal by Michael Raffl.
5:00 of 1st overtime period - Penalty Shot by Kyle Turris for Sewer Rats.
5:00 of 1st overtime period - Deke by Kyle Turris.
5:00 of 1st overtime period - Goal by Kyle Turris.
5:00 of 1st overtime period - Penalty Shot by Noel Acciari for Knights.
5:00 of 1st overtime period - Deke by Noel Acciari.
5:00 of 1st overtime period - Goal by Noel Acciari.
5:00 of 1st overtime period - Penalty Shot by Mark Mancari for Sewer Rats.
5:00 of 1st overtime period - Deke by Mark Mancari.
5:00 of 1st overtime period - Stopped by Ben Scrivens.
5:00 of 1st overtime period - Penalty Shot by Pavel Buchnevich for Knights.
5:00 of 1st overtime period - Deke by Pavel Buchnevich.
5:00 of 1st overtime period - Stopped by Antoine Bibeau.
5:00 of 1st overtime period - Penalty Shot by Erik Condra for Sewer Rats.
5:00 of 1st overtime period - Wrist shot by Erik Condra.
5:00 of 1st overtime period - Stopped by Ben Scrivens.
5:00 of 1st overtime period - Penalty Shot by Tom Wilson for Knights.
5:00 of 1st overtime period - Snap shot by Tom Wilson.
5:00 of 1st overtime period - Shot Misses the Net.
5:00 of 1st overtime period - Penalty Shot by Jonathan Marchessault for Sewer Rats.
5:00 of 1st overtime period - Snap shot by Jonathan Marchessault.
5:00 of 1st overtime period - Goal by Jonathan Marchessault.
5:00 of 1st overtime period - Penalty Shot by Linden Vey for Knights.
5:00 of 1st overtime period - Snap shot by Linden Vey.
5:00 of 1st overtime period - Goal by Linden Vey.
5:00 of 1st overtime period - Penalty Shot by Anthony Duclair for Sewer Rats.
5:00 of 1st overtime period - Deke by Anthony Duclair.
5:00 of 1st overtime period - Stopped by Ben Scrivens.
5:00 of 1st overtime period - Penalty Shot by Miro Aaltonen for Knights.
5:00 of 1st overtime period - Snap shot by Miro Aaltonen.
5:00 of 1st overtime period - Shot Misses the Net.
5:00 of 1st overtime period - Penalty Shot by Dmitrij Jaskin for Sewer Rats.
5:00 of 1st overtime period - Wrist shot by Dmitrij Jaskin.
5:00 of 1st overtime period - Stopped by Ben Scrivens.
5:00 of 1st overtime period - Penalty Shot by Jared Spurgeon for Knights.
5:00 of 1st overtime period - Snap shot by Jared Spurgeon.
5:00 of 1st overtime period - Stopped by Antoine Bibeau.
5:00 of 1st overtime period - Penalty Shot by William Karlsson for Sewer Rats.
5:00 of 1st overtime period - Backhand shot by William Karlsson.
5:00 of 1st overtime period - Shot Misses the Net.
5:00 of 1st overtime period - Penalty Shot by Josh Bailey for Knights.
5:00 of 1st overtime period - Deke by Josh Bailey.
5:00 of 1st overtime period - Shot Misses the Net.
5:00 of 1st overtime period - Penalty Shot by Matt Lashoff for Sewer Rats.
5:00 of 1st overtime period - Deke by Matt Lashoff.
5:00 of 1st overtime period - Shot Misses the Net.
5:00 of 1st overtime period - Penalty Shot by Scott Wilson for Knights.
5:00 of 1st overtime period - Snap shot by Scott Wilson.
5:00 of 1st overtime period - Goal by Scott Wilson.
Back to the Top